Senators vs Royaux
Created - April 2, 2020 at 19:10
Goals
|
| Senators |
0 |
1 |
3 |
0 |
0 |
4 |
| Royaux |
0 |
1 |
3 |
0 |
1 |
5 |
|
Shots
|
| Senators |
14 |
7 |
11 |
1 |
3 |
33 |
| Royaux |
15 |
8 |
12 |
1 |
3 |
36 |
|
1st period
No Goal
Penalties :
Scott Harrington (BIN) for Hooking (Minor) at 3:40, Nick Foligno (BIN) for Tripping (Minor) at 7:50, Haydn Fleury (Cap) for Tripping (Minor) at 13:05
2nd period
1. Royaux , Anton Slepyshev 13 (Brandon Pirri 23, Simon Despres 29) at 1:03
2. Senators , Michal Repik 12 (Dylan Blujus 24, Jack Dougherty 12) at 9:22
Penalties :
Zemgus Girgensons (BIN) for Holding (Minor) at 4:41, Keegan Lowe (BIN) for Holding Stick (Minor) at 11:41, Tye McGinn (Cap) for Holding (Minor) at 18:38
3rd period
3. Senators , Keegan Lowe 5 (Nick Foligno 50, Scott Harrington 37) at 5:10 (PP)
4. Royaux , Danny Kristo 10 (Gord Baldwin 16, Marcus Pettersson 17) at 8:08
5. Royaux , Danny Kristo 11 (Marcus Pettersson 18) at 8:54
6. Senators , Nick Foligno 49 (Zemgus Girgensons 56, Dylan Blujus 25) at 9:02
7. Royaux , Dylan Larkin 33 (Marko Dano 62, Ian McCoshen 4) at 10:06
8. Senators , Tomas Jurco 29 (Chandler Stephenson 35, Andy Andreoff 12) at 14:03
Penalties :
Brandon Pirri (Cap) for Interference (Minor) at 4:56, Tye McGinn (Cap) for Holding Stick (Minor) at 16:07
Overtime #1
No Goal
Penalties :
No Penalty
Shootout
Senators, Nick Foligno - Stopped by Igor Shesterkin
Royaux, Dylan Larkin - Shot Misses the Net
Senators, Matt Frattin - Stopped by Igor Shesterkin
Royaux, Nathan Gerbe - Stopped by Justin Peters
Senators, Andy Andreoff - Stopped by Igor Shesterkin
Royaux, Tye McGinn - Goal!
Penalties :
No Penalty
Goalie Stats
Justin Peters (BIN), 32 saves from 36 shots - (0.889), OTL, 25-20-5, 65:00 minutes
Igor Shesterkin (Cap), 29 saves from 33 shots - (0.879), W, 10-9-2, 65:00 minutes
Players Stats for Senators
Player Name G A P +/- PIM S H SB GA TA FO MP PP MP PK MP
------------------------------------------------------------------------------------
Adam Ollas-Mattsson 0 0 0 0 0 0 0 0 0 2 0/0 12:41 0:00 2:15
Andy Andreoff 0 1 1 1 0 1 4 0 0 0 0/1 19:42 2:29 3:22
Blake Coleman 0 0 0 0 0 2 1 0 0 0 0/3 7:29 0:00 0:00
Brett Bulmer 0 0 0 0 0 0 0 0 0 0 0/0 1:15 0:00 0:00
Chandler Stephenson 0 1 1 1 0 1 0 0 1 0 5/13 14:43 2:29 0:19
Dylan Blujus 0 2 2 -1 0 2 0 1 0 2 0/0 21:40 2:14 3:24
Grant Besse 0 0 0 0 0 0 1 0 0 1 0/0 7:29 0:00 0:00
Jack Dougherty 0 1 1 -1 0 2 1 2 0 1 0/0 21:02 2:14 3:24
Jake Evans 0 0 0 0 0 0 2 0 0 0 1/6 9:48 0:00 0:00
Jan Mursak 0 0 0 0 0 0 0 0 0 0 0/0 1:49 0:00 0:42
Keegan Lowe 1 0 1 0 2 1 0 1 3 1 0/0 31:05 3:57 3:16
Mason Geertsen 0 0 0 0 0 0 0 1 0 0 0/0 10:56 0:00 0:00
Matt Frattin 0 0 0 -2 0 6 1 1 0 0 0/1 24:49 3:42 3:44
Maxim Letunov 0 0 0 0 0 0 0 0 0 0 0/0 1:15 0:00 0:00
Michal Repik 1 0 1 0 0 6 1 0 1 0 2/2 12:50 0:00 1:56
Nick Foligno 1 1 2 -2 2 2 0 2 3 0 3/9 23:46 3:42 2:36
Patrick Maroon 0 0 0 0 0 3 0 2 1 0 0/0 12:57 0:00 2:08
Pontus Sjalin 0 0 0 0 0 0 0 0 0 0 0/0 5:24 0:00 0:15
Scott Harrington 0 1 1 0 2 2 2 1 1 1 0/0 28:08 3:57 3:18
Tomas Jurco 1 0 1 1 0 4 3 0 1 0 1/1 14:24 2:29 0:00
Warren Foegele 0 0 0 0 0 1 0 0 0 0 0/0 7:29 0:00 0:00
Zemgus Girgensons 0 1 1 -2 2 0 2 1 0 1 13/25 21:19 3:42 1:05
Players Stats for Royaux
Player Name G A P +/- PIM S H SB GA TA FO MP PP MP PK MP
------------------------------------------------------------------------------------
Anton Slepyshev 1 0 1 3 0 1 0 1 1 0 0/0 13:43 2:44 0:12
Ben Hanowski 0 0 0 -1 0 4 2 1 0 0 2/2 16:46 0:02 1:27
Brandon Pirri 0 1 1 3 2 2 0 0 0 0 0/1 13:32 0:29 1:08
Brendan Woods 0 0 0 0 0 0 1 0 0 0 7/8 12:02 0:00 3:47
Danny Kristo 2 0 2 3 0 2 0 1 0 0 3/4 10:27 0:00 0:00
Dylan Larkin 1 0 1 -1 0 7 1 1 4 0 14/28 21:10 4:57 0:00
Gord Baldwin 0 1 1 2 0 0 0 0 0 1 0/0 24:12 4:31 3:23
Haydn Fleury 0 0 0 -1 2 4 1 1 0 2 0/0 22:08 0:00 2:29
Ian McCoshen 0 1 1 0 0 0 0 0 0 1 0/0 12:13 0:00 0:00
Marcus Pettersson 0 2 2 2 0 3 0 1 0 2 0/0 20:18 3:25 0:32
Marko Dano 0 1 1 -1 0 4 1 0 1 0 1/1 23:33 4:57 1:27
Mirco Mueller 0 0 0 -1 0 0 0 3 0 0 0/0 10:45 0:00 2:48
Nathan Gerbe 0 0 0 -1 0 1 1 1 1 0 7/15 18:35 2:56 0:06
Nicholas Baptiste 0 0 0 0 0 0 0 0 0 0 0/0 7:01 0:00 0:00
Phil Oreskovic 0 0 0 1 0 0 0 1 0 2 0/0 15:36 4:31 2:34
Simon Despres 0 1 1 -1 0 2 1 1 0 1 0/0 25:34 3:25 0:36
Sonny Milano 0 0 0 0 0 1 0 0 1 0 0/0 7:01 0:00 0:00
Tobias Rieder 0 0 0 -1 0 2 0 0 0 1 1/1 19:18 2:57 3:51
Tye McGinn 0 0 0 -1 4 3 3 0 1 1 1/1 19:51 4:46 0:24
3 Stars
1 - Danny Kristo (Cap)
2 - Anton Slepyshev (Cap)
3 - Marcus Pettersson (Cap)
Power Play
Senators - 1 on 4 Attempt(s) - 25.00%
Royaux - 0 on 4 Attempt(s) - 0.00%
Penalty Kill
Senators - 4 on 4 Attempt(s) - 100.00%
- Score 0 goal in Penalty Kill
Royaux - 3 on 4 Attempt(s) - 75.00%
- Score 0 goal in Penalty Kill
Team Stat
Senators - Hits : 18 - Faceoff Wins : 25 - Blocked Shots : 12 - Penalty Minutes : 8
Royaux - Hits : 11 - Faceoff Wins : 36 - Blocked Shots : 12 - Penalty Minutes : 8
Official
Referees : Unknown
Linesman : Unknown
Game Notes
13:04 of 3rd period - Royaux goal is going for a video replay. After video review, No Goal. The goalkeeper has been pushed into the net together with the puck after making a save.
Finance
Level 1 -- Attendance: 1615 (80.75%) -- Ticket Income $56,525
Level 2 -- Attendance: 623 (62.30%) -- Ticket Income $12,460
Total Attendance: 2238 (74.60%)
Total Ticket Income: $68,985
Other Income: $3,449
Total Income: $72,434
Senators
5 vs 5 Forward
Center Left Wing Right Wing Time % Phy DF OF
1 Zemgus Girgensons Nick Foligno Matt Frattin 40 1 2 2
2 Chandler Stephenson Andy Andreoff Tomas Jurco 30 1 2 2
3 Jake Evans Patrick Maroon Michal Repik 20 1 2 2
4 Blake Coleman Warren Foegele Grant Besse 10 1 2 2
5 vs 5 Defense
Defense Defense Time % Phy DF OF
1 Keegan Lowe Scott Harrington 40 1 2 2
2 Dylan Blujus Jack Dougherty 30 1 2 2
3 Mason Geertsen Adam Ollas-Mattsson 20 1 2 2
4 Pontus Sjalin Keegan Lowe 10 1 2 2
PowerPlay Forward
Center Left Wing Right Wing Time % Phy DF OF
1 Zemgus Girgensons Nick Foligno Matt Frattin 60 1 2 2
2 Chandler Stephenson Andy Andreoff Tomas Jurco 40 1 2 2
PowerPlay Defense
Defense Defense Time % Phy DF OF
1 Keegan Lowe Scott Harrington 60 1 2 2
2 Dylan Blujus Jack Dougherty 40 1 2 2
Penalty Kill 4 Players Forward
Center Wing Time % Phy DF OF
1 Nick Foligno Matt Frattin 60 1 2 2
2 Andy Andreoff Patrick Maroon 40 1 2 2
Penalty Kill 4 Players Defense
Defense Defense Time % Phy DF OF
1 Keegan Lowe Scott Harrington 60 1 2 2
2 Dylan Blujus Jack Dougherty 40 1 2 2
Penalty Kill - 3 Players Forward
Forward Time % Phy DF OF
1 Nick Foligno 60 1 2 2
2 Matt Frattin 40 1 2 2
Penalty Kill - 3 Players Defense
Defense Defense Time % Phy DF OF
1 Keegan Lowe Scott Harrington 60 1 2 2
2 Dylan Blujus Jack Dougherty 40 1 2 2
4 vs 4 Forward
Center Wing Time % Phy DF OF
1 Nick Foligno Matt Frattin 60 1 2 2
2 Andy Andreoff Patrick Maroon 40 1 2 2
4 vs 4 Defense
Defense Defense Time % Phy DF OF
1 Keegan Lowe Scott Harrington 60 1 2 2
2 Dylan Blujus Jack Dougherty 40 1 2 2
Last Minutes Offensive
Center Left Wing Right Wing Defense Defense
Zemgus Girgensons Nick Foligno Matt Frattin Keegan Lowe Scott Harrington
Last Minutes Defensive
Center Left Wing Right Wing Defense Defense
Zemgus Girgensons Nick Foligno Matt Frattin Keegan Lowe Scott Harrington
Goaltenders
Starting : Justin Peters
Backup : Stephon Williams
Extra Forwards
Normal : Brett Bulmer, Maxim Letunov, Michal Repik - PP : Brett Bulmer, Maxim Letunov - PK : Michal Repik
Extra Defensemen
Normal : Mason Geertsen, Adam Ollas-Mattsson, Pontus Sjalin - PP : Mason Geertsen - PK : Adam Ollas-Mattsson, Pontus Sjalin
Penalty Shots
Nick Foligno, Matt Frattin, Andy Andreoff, Patrick Maroon, Tomas Jurco
Scratches
Keven Bouchard (Healthy)
Royaux
5 vs 5 Forward
Center Left Wing Right Wing Time % Phy DF OF
1 Dylan Larkin Marko Dano Ben Hanowski 38 0 2 3
2 Nathan Gerbe Tye McGinn Tobias Rieder 35 0 2 3
3 Danny Kristo Anton Slepyshev Brandon Pirri 17 0 2 3
4 Brendan Woods Sonny Milano Nicholas Baptiste 10 0 2 3
5 vs 5 Defense
Defense Defense Time % Phy DF OF
1 Simon Despres Haydn Fleury 40 0 3 2
2 Marcus Pettersson Gord Baldwin 30 0 3 2
3 Ian McCoshen Mirco Mueller 15 0 3 2
4 Phil Oreskovic Ian McCoshen 15 0 3 2
PowerPlay Forward
Center Left Wing Right Wing Time % Phy DF OF
1 Dylan Larkin Marko Dano Tye McGinn 60 0 1 4
2 Nathan Gerbe Anton Slepyshev Tobias Rieder 40 0 1 4
PowerPlay Defense
Defense Defense Time % Phy DF OF
1 Simon Despres Marcus Pettersson 60 0 2 3
2 Phil Oreskovic Gord Baldwin 40 0 2 3
Penalty Kill 4 Players Forward
Center Wing Time % Phy DF OF
1 Brendan Woods Tobias Rieder 60 0 4 1
2 Marko Dano Ben Hanowski 40 0 4 1
Penalty Kill 4 Players Defense
Defense Defense Time % Phy DF OF
1 Gord Baldwin Haydn Fleury 60 1 2 2
2 Phil Oreskovic Mirco Mueller 40 1 2 2
Penalty Kill - 3 Players Forward
Forward Time % Phy DF OF
1 Brendan Woods 60 0 4 1
2 Ben Hanowski 40 0 4 1
Penalty Kill - 3 Players Defense
Defense Defense Time % Phy DF OF
1 Gord Baldwin Haydn Fleury 60 1 2 2
2 Phil Oreskovic Mirco Mueller 40 1 2 2
4 vs 4 Forward
Center Wing Time % Phy DF OF
1 Nathan Gerbe Marko Dano 60 0 2 3
2 Dylan Larkin Ben Hanowski 40 0 2 3
4 vs 4 Defense
Defense Defense Time % Phy DF OF
1 Gord Baldwin Simon Despres 60 0 3 2
2 Marcus Pettersson Phil Oreskovic 40 0 3 2
Last Minutes Offensive
Center Left Wing Right Wing Defense Defense
Dylan Larkin Marko Dano Ben Hanowski Marcus Pettersson Simon Despres
Last Minutes Defensive
Center Left Wing Right Wing Defense Defense
Marko Dano Brendan Woods Ben Hanowski Haydn Fleury Phil Oreskovic
Goaltenders
Starting : Igor Shesterkin
Backup : Olivier Roy
Extra Forwards
Normal : Marko Dano, Dylan Larkin, Nathan Gerbe - PP : Nathan Gerbe, Brandon Pirri - PK : Brandon Pirri
Extra Defensemen
Normal : Simon Despres, Marcus Pettersson, Haydn Fleury - PP : Haydn Fleury - PK : Simon Despres, Marcus Pettersson
Penalty Shots
Dylan Larkin, Nathan Gerbe, Tye McGinn, Sonny Milano, Marko Dano
Scratches
Vladislav Namestnikov (Healthy), Garrett Wilson (Healthy), Tanner Kero (Healthy), Greg McKegg (Healthy), Konrad Abeltshauser (Healthy)
Tomas Hyka (Healthy), Rourke Chartier (Healthy), Michael Bunting (Healthy), Ryan Mantha (Healthy), Jack Ramsey (Healthy)
Marcus Hogberg (Healthy), Hayden Hawkey (Healthy)
% Time on Ice - Senators
Lines # - Real PCT - Wanted PCT - Time Play
Normal Forward
1 - 35% - 40% - 16:17
2 - 27% - 30% - 12:19
3 - 21% - 20% - 9:48
4 - 16% - 10% - 7:29
Normal Defense
1 - 41% - 40% - 18:45
2 - 30% - 30% - 13:50
3 - 21% - 20% - 9:49
4 - 8% - 10% - 3:29
PP Forward
1 - 60% - 60% - 3:42
2 - 40% - 40% - 2:29
PP Defense
1 - 64% - 60% - 3:57
2 - 36% - 40% - 2:14
PK Forward
1 - 73% - 60% - 5:48
2 - 27% - 40% - 2:08
PK Defense
1 - 57% - 60% - 4:32
2 - 43% - 40% - 3:24
PK3 Forward
1 - 0% - 60%
2 - 0% - 40%
PK3 Defense
1 - 0% - 60%
2 - 0% - 40%
44 Forward
1 - 88% - 60% - 4:23
2 - 12% - 40% - 0:37
44 Defense
1 - 46% - 60% - 2:19
2 - 54% - 40% - 2:41
Last Minute Offensive - 0:00
Last Minute Defensive - 0:00
Total
Forward - 65:00
Defense - 65:00
|
% Time on Ice - Royaux
Lines # - Real PCT - Wanted PCT - Time Play
Normal Forward
1 - 34% - 38% - 15:42
2 - 28% - 35% - 12:43
3 - 23% - 17% - 10:27
4 - 15% - 10% - 7:01
Normal Defense
1 - 42% - 40% - 19:20
2 - 31% - 30% - 14:20
3 - 14% - 15% - 6:14
4 - 13% - 15% - 5:59
PP Forward
1 - 62% - 60% - 4:57
2 - 38% - 40% - 2:59
PP Defense
1 - 43% - 60% - 3:25
2 - 57% - 40% - 4:31
PK Forward
1 - 77% - 60% - 4:44
2 - 23% - 40% - 1:27
PK Defense
1 - 58% - 60% - 3:37
2 - 42% - 40% - 2:34
PK3 Forward
1 - 0% - 60%
2 - 0% - 40%
PK3 Defense
1 - 0% - 60%
2 - 0% - 40%
44 Forward
1 - 100% - 60% - 5:00
2 - 0% - 40% - 0:00
44 Defense
1 - 63% - 60% - 3:10
2 - 37% - 40% - 1:50
Last Minute Offensive - 0:00
Last Minute Defensive - 0:00
Total
Forward - 65:00
Defense - 65:00
|
Play-by-Play
1st period
0:01 of 1st period - Dylan Larkin wins face-off versus Zemgus Girgensons in neutral zone.
1:18 of 1st period - Snap shot by Michal Repik.
1:18 of 1st period - Stopped by Igor Shesterkin with a rebound.
1:20 of 1st period - Backhand shot by Adam Ollas-Mattsson.
1:20 of 1st period - Shot Blocked by Danny Kristo.
1:22 of 1st period - Slapshot by Adam Ollas-Mattsson.
1:22 of 1st period - Shot Misses the Net.
1:32 of 1st period - Gord Baldwin is hit by Zemgus Girgensons and loses puck.
1:51 of 1st period - Warren Foegele is hit by Nathan Gerbe and loses puck.
1:58 of 1st period - Tobias Rieder is hit by Blake Coleman and loses puck.
3:11 of 1st period - Slapshot by Matt Frattin.
3:11 of 1st period - Stopped by Igor Shesterkin with a rebound.
3:13 of 1st period - Slapshot by Nick Foligno.
3:13 of 1st period - Shot Blocked by Anton Slepyshev.
3:15 of 1st period - Wrist shot by Matt Frattin.
3:15 of 1st period - Stopped by Igor Shesterkin with a rebound.
3:17 of 1st period - Snap shot by Jack Dougherty.
3:17 of 1st period - Shot Misses the Net.
3:19 of 1st period - Snap shot by Nick Foligno.
3:19 of 1st period - Deflect By Danny Kristo.
3:19 of 1st period - Stopped by Igor Shesterkin without a rebound.
3:20 of 1st period - Chandler Stephenson wins face-off versus Dylan Larkin in Royaux zone.
3:23 of 1st period - Slapshot by Andy Andreoff.
3:23 of 1st period - Shot Blocked by Ben Hanowski.
3:40 of 1st period - Minor Penalty to Scott Harrington for Hooking.
3:41 of 1st period - Dylan Larkin wins face-off versus Nick Foligno in Senators zone.
4:02 of 1st period - Slapshot by Patrick Maroon.
4:02 of 1st period - Shot Misses the Net.
4:35 of 1st period - Snap shot by Dylan Larkin.
4:35 of 1st period - Stopped by Justin Peters with a rebound.
5:31 of 1st period - Wrist shot by Marko Dano.
5:31 of 1st period - Shot Misses the Net.
5:33 of 1st period - Slapshot by Tye McGinn.
5:33 of 1st period - Stopped by Justin Peters without a rebound.
5:34 of 1st period - Nick Foligno wins face-off versus Nathan Gerbe in Senators zone.
5:40 of 1st period - Penalty to Scott Harrington is over, Scott Harrington is back on ice.
6:07 of 1st period - Slapshot by Dylan Blujus.
6:07 of 1st period - Stopped by Igor Shesterkin with a rebound.
7:50 of 1st period - Minor Penalty to Nick Foligno for Tripping.
7:51 of 1st period - Michal Repik wins face-off versus Nathan Gerbe in Senators zone.
9:25 of 1st period - Wrist shot by Patrick Maroon.
9:25 of 1st period - Stopped by Igor Shesterkin without a rebound.
9:26 of 1st period - Nathan Gerbe wins face-off versus Andy Andreoff in Royaux zone.
9:50 of 1st period - Penalty to Nick Foligno is over, Nick Foligno is back on ice.
10:52 of 1st period - Wrist shot by Sonny Milano.
10:52 of 1st period - Stopped by Justin Peters without a rebound.
10:53 of 1st period - Zemgus Girgensons wins face-off versus Dylan Larkin in Senators zone.
11:18 of 1st period - Haydn Fleury is hit by Andy Andreoff and loses puck.
11:25 of 1st period - Slapshot by Tobias Rieder.
11:25 of 1st period - Shot Misses the Net.
11:27 of 1st period - Snap shot by Gord Baldwin.
11:27 of 1st period - Deflect By Nathan Gerbe.
11:27 of 1st period - Shot Hit the Post.
11:27 of 1st period - Puck is out of play.
11:28 of 1st period - Zemgus Girgensons wins face-off versus Dylan Larkin in Senators zone.
11:33 of 1st period - Wrist shot by Matt Frattin.
11:33 of 1st period - Deflect By Ben Hanowski.
11:33 of 1st period - Stopped by Igor Shesterkin without a rebound.
11:34 of 1st period - Ben Hanowski wins face-off versus Zemgus Girgensons in Royaux zone.
11:47 of 1st period - Dylan Blujus is hit by Ben Hanowski and loses puck.
12:00 of 1st period - Snap shot by Chandler Stephenson.
12:00 of 1st period - Stopped by Igor Shesterkin with a rebound.
12:22 of 1st period - Snap shot by Michal Repik.
12:22 of 1st period - Stopped by Igor Shesterkin with a rebound.
13:05 of 1st period - Minor Penalty to Haydn Fleury for Tripping.
13:06 of 1st period - Brendan Woods wins face-off versus Nick Foligno in Royaux zone.
13:38 of 1st period - Phil Oreskovic is hit by Andy Andreoff and loses puck.
14:19 of 1st period - Slapshot by Brandon Pirri.
14:19 of 1st period - Stopped by Justin Peters with a rebound.
14:25 of 1st period - Marko Dano is hit by Tomas Jurco and loses puck.
15:05 of 1st period - Penalty to Haydn Fleury is over, Haydn Fleury is back on ice.
15:24 of 1st period - Wrist shot by Blake Coleman.
15:24 of 1st period - Shot Misses the Net.
15:26 of 1st period - Wrist shot by Blake Coleman.
15:26 of 1st period - Stopped by Igor Shesterkin with a rebound.
16:01 of 1st period - Snap shot by Marko Dano.
16:01 of 1st period - Deflect By Ben Hanowski.
16:01 of 1st period - Stopped by Justin Peters without a rebound.
16:02 of 1st period - Dylan Larkin wins face-off versus Jake Evans in Senators zone.
16:19 of 1st period - Slapshot by Dylan Larkin.
16:19 of 1st period - Stopped by Justin Peters without a rebound.
16:20 of 1st period - Danny Kristo wins face-off versus Zemgus Girgensons in Senators zone.
16:21 of 1st period - Snap shot by Brandon Pirri.
16:21 of 1st period - Deflect By Matt Frattin.
16:21 of 1st period - Stopped by Justin Peters with a rebound.
16:23 of 1st period - Snap shot by Haydn Fleury.
16:23 of 1st period - Deflect By Matt Frattin.
16:23 of 1st period - Stopped by Justin Peters with a rebound.
16:25 of 1st period - Slapshot by Simon Despres.
16:25 of 1st period - Stopped by Justin Peters without a rebound.
16:26 of 1st period - Danny Kristo wins face-off versus Matt Frattin in Senators zone.
16:37 of 1st period - Wrist shot by Brandon Pirri.
16:37 of 1st period - Shot Blocked by Zemgus Girgensons.
16:39 of 1st period - Slapshot by Haydn Fleury.
16:39 of 1st period - Shot Misses the Net.
16:41 of 1st period - Slapshot by Haydn Fleury.
16:41 of 1st period - Stopped by Justin Peters with a rebound.
17:11 of 1st period - Wrist shot by Dylan Larkin.
17:11 of 1st period - Stopped by Justin Peters with a rebound.
17:13 of 1st period - Slapshot by Ben Hanowski.
17:13 of 1st period - Stopped by Justin Peters with a rebound.
17:15 of 1st period - Backhand shot by Marko Dano.
17:15 of 1st period - Shot Blocked by Patrick Maroon.
17:17 of 1st period - Snap shot by Dylan Larkin.
17:17 of 1st period - Stopped by Justin Peters without a rebound.
17:18 of 1st period - Jake Evans wins face-off versus Dylan Larkin in Senators zone.
17:25 of 1st period - Backhand shot by Keegan Lowe.
17:25 of 1st period - Shot Misses the Net.
17:27 of 1st period - Slapshot by Keegan Lowe.
17:27 of 1st period - Shot Misses the Net.
17:29 of 1st period - Slapshot by Keegan Lowe.
17:29 of 1st period - Deflect By Michal Repik.
17:29 of 1st period - Stopped by Igor Shesterkin with a rebound.
17:31 of 1st period - Slapshot by Keegan Lowe.
17:31 of 1st period - Deflect By Michal Repik.
17:31 of 1st period - Stopped by Igor Shesterkin without a rebound.
17:32 of 1st period - Nathan Gerbe wins face-off versus Zemgus Girgensons in Royaux zone.
17:41 of 1st period - Backhand shot by Matt Frattin.
17:41 of 1st period - Shot Misses the Net.
17:43 of 1st period - Slapshot by Scott Harrington.
17:43 of 1st period - Deflect By Gord Baldwin.
17:43 of 1st period - Stopped by Igor Shesterkin with a rebound.
19:28 of 1st period - Wrist shot by Tomas Jurco.
19:28 of 1st period - Stopped by Igor Shesterkin with a rebound.
19:30 of 1st period - Backhand shot by Tomas Jurco.
19:30 of 1st period - Deflect By Ben Hanowski.
19:30 of 1st period - Shot Misses the Net.
19:30 of 1st period - Puck is out of play.
19:31 of 1st period - Zemgus Girgensons wins face-off versus Nathan Gerbe in Royaux zone.
19:42 of 1st period - Wrist shot by Tye McGinn.
19:42 of 1st period - Stopped by Justin Peters without a rebound.
19:43 of 1st period - Nathan Gerbe wins face-off versus Zemgus Girgensons in Senators zone.
19:44 of 1st period - Snap shot by Tye McGinn.
19:44 of 1st period - Stopped by Justin Peters with a rebound.
19:50 of 1st period - Snap shot by Tobias Rieder.
19:50 of 1st period - Shot Misses the Net.
Goals for this period are 0 for Senators vs 0 for Royaux.
Shots for this period are 14 for Senators vs 15 for Royaux.
2nd period
0:01 of 2nd period - Nathan Gerbe wins face-off versus Zemgus Girgensons in neutral zone.
0:04 of 2nd period - Snap shot by Tobias Rieder.
0:04 of 2nd period - Stopped by Justin Peters with a rebound.
0:14 of 2nd period - Backhand shot by Nathan Gerbe.
0:14 of 2nd period - Stopped by Justin Peters with a rebound.
0:16 of 2nd period - Wrist shot by Tye McGinn.
0:16 of 2nd period - Shot Blocked by Nick Foligno.
1:03 of 2nd period - Snap shot by Anton Slepyshev.
1:03 of 2nd period - Goal by Anton Slepyshev - Senators : 0 - Royaux : 1.
1:04 of 2nd period - Nathan Gerbe wins face-off versus Chandler Stephenson in neutral zone.
1:11 of 2nd period - Icing by Tomas Jurco.
1:12 of 2nd period - Tomas Jurco wins face-off versus Nathan Gerbe in Senators zone.
1:12 of 2nd period - Tomas Jurco is hit by Tye McGinn.
1:20 of 2nd period - Slapshot by Scott Harrington.
1:20 of 2nd period - Shot Blocked by Nathan Gerbe.
2:34 of 2nd period - Snap shot by Andy Andreoff.
2:34 of 2nd period - Deflect By Tomas Jurco.
2:34 of 2nd period - Stopped by Igor Shesterkin without a rebound.
2:35 of 2nd period - Marko Dano wins face-off versus Zemgus Girgensons in Royaux zone.
2:50 of 2nd period - Slapshot by Marko Dano.
2:50 of 2nd period - Stopped by Justin Peters with a rebound.
3:22 of 2nd period - Icing by Warren Foegele.
3:23 of 2nd period - Dylan Larkin wins face-off versus Blake Coleman in Senators zone.
4:10 of 2nd period - Snap shot by Brendan Woods.
4:10 of 2nd period - Deflect By Nicholas Baptiste.
4:10 of 2nd period - Deflect By Patrick Maroon.
4:10 of 2nd period - Shot Misses the Net.
4:10 of 2nd period - Puck is out of play.
4:11 of 2nd period - Brendan Woods wins face-off versus Jake Evans in Senators zone.
4:24 of 2nd period - Wrist shot by Patrick Maroon.
4:24 of 2nd period - Stopped by Igor Shesterkin without a rebound.
4:25 of 2nd period - Nick Foligno wins face-off versus Dylan Larkin in Royaux zone.
4:26 of 2nd period - Snap shot by Matt Frattin.
4:26 of 2nd period - Stopped by Igor Shesterkin with a rebound.
4:38 of 2nd period - Backhand shot by Marko Dano.
4:38 of 2nd period - Stopped by Justin Peters without a rebound.
4:39 of 2nd period - Zemgus Girgensons wins face-off versus Nathan Gerbe in Senators zone.
4:41 of 2nd period - Minor Penalty to Zemgus Girgensons for Holding.
4:42 of 2nd period - Dylan Larkin wins face-off versus Nick Foligno in Senators zone.
6:41 of 2nd period - Penalty to Zemgus Girgensons is over, Zemgus Girgensons is back on ice.
9:12 of 2nd period - Off-side.
9:13 of 2nd period - Nathan Gerbe wins face-off versus Jake Evans in neutral zone.
9:20 of 2nd period - Slapshot by Dylan Blujus.
9:20 of 2nd period - Shot Blocked by Mirco Mueller.
9:22 of 2nd period - Wrist shot by Michal Repik.
9:22 of 2nd period - Goal by Michal Repik - Senators : 1 - Royaux : 1.
9:23 of 2nd period - Zemgus Girgensons wins face-off versus Dylan Larkin in neutral zone.
9:58 of 2nd period - Slapshot by Andy Andreoff.
9:58 of 2nd period - Stopped by Igor Shesterkin without a rebound.
9:59 of 2nd period - Ben Hanowski wins face-off versus Chandler Stephenson in Royaux zone.
10:14 of 2nd period - Dylan Larkin is hit by Andy Andreoff and loses puck.
10:25 of 2nd period - Nick Foligno is hit by Tye McGinn and loses puck.
11:14 of 2nd period - Icing by Grant Besse.
11:15 of 2nd period - Dylan Larkin wins face-off versus Blake Coleman in Senators zone.
11:18 of 2nd period - Snap shot by Marko Dano.
11:18 of 2nd period - Deflect By Dylan Larkin.
11:18 of 2nd period - Stopped by Justin Peters without a rebound.
11:19 of 2nd period - Zemgus Girgensons wins face-off versus Dylan Larkin in Senators zone.
11:19 of 2nd period - Zemgus Girgensons is hit by Marko Dano.
11:29 of 2nd period - Matt Frattin is hit by Ben Hanowski and loses puck.
11:41 of 2nd period - Minor Penalty to Keegan Lowe for Holding Stick.
11:42 of 2nd period - Nick Foligno wins face-off versus Dylan Larkin in Senators zone.
11:51 of 2nd period - Snap shot by Tye McGinn.
11:51 of 2nd period - Shot Blocked by Nick Foligno.
11:53 of 2nd period - Slapshot by Marcus Pettersson.
11:53 of 2nd period - Stopped by Justin Peters with a rebound.
11:55 of 2nd period - Slapshot by Tye McGinn.
11:55 of 2nd period - Shot Misses the Net.
12:07 of 2nd period - Tobias Rieder is hit by Andy Andreoff.
13:35 of 2nd period - Marko Dano is hit by Scott Harrington and loses puck.
13:41 of 2nd period - Penalty to Keegan Lowe is over, Keegan Lowe is back on ice.
14:36 of 2nd period - Backhand shot by Michal Repik.
14:36 of 2nd period - Stopped by Igor Shesterkin with a rebound.
15:04 of 2nd period - Snap shot by Tomas Jurco.
15:04 of 2nd period - Stopped by Igor Shesterkin without a rebound.
15:05 of 2nd period - Brendan Woods wins face-off versus Chandler Stephenson in Royaux zone.
16:30 of 2nd period - Off-side.
16:31 of 2nd period - Zemgus Girgensons wins face-off versus Dylan Larkin in neutral zone.
16:50 of 2nd period - Slapshot by Simon Despres.
16:50 of 2nd period - Shot Blocked by Dylan Blujus.
16:52 of 2nd period - Snap shot by Marko Dano.
16:52 of 2nd period - Shot Blocked by Jack Dougherty.
16:54 of 2nd period - Wrist shot by Haydn Fleury.
16:54 of 2nd period - Shot Misses the Net.
16:56 of 2nd period - Wrist shot by Haydn Fleury.
16:56 of 2nd period - Deflect By Zemgus Girgensons.
16:56 of 2nd period - Stopped by Justin Peters without a rebound.
16:57 of 2nd period - Tye McGinn wins face-off versus Chandler Stephenson in Senators zone.
17:52 of 2nd period - Snap shot by Dylan Larkin.
17:52 of 2nd period - Shot Misses the Net.
18:38 of 2nd period - Minor Penalty to Tye McGinn for Holding.
18:39 of 2nd period - Brendan Woods wins face-off versus Zemgus Girgensons in Royaux zone.
18:50 of 2nd period - Snap shot by Zemgus Girgensons.
18:50 of 2nd period - Shot Misses the Net.
Goals for this period are 1 for Senators vs 1 for Royaux.
Shots for this period are 7 for Senators vs 8 for Royaux.
3rd period
0:01 of 3rd period - Brendan Woods wins face-off versus Zemgus Girgensons in neutral zone.
0:08 of 3rd period - Wrist shot by Gord Baldwin.
0:08 of 3rd period - Shot Misses the Net.
0:28 of 3rd period - Tobias Rieder is hit by Scott Harrington.
0:38 of 3rd period - Penalty to Tye McGinn is over, Tye McGinn is back on ice.
1:03 of 3rd period - Slapshot by Matt Frattin.
1:03 of 3rd period - Shot Blocked by Mirco Mueller.
1:05 of 3rd period - Snap shot by Nick Foligno.
1:05 of 3rd period - Shot Blocked by Mirco Mueller.
1:09 of 3rd period - Wrist shot by Nick Foligno.
1:09 of 3rd period - Deflect By Zemgus Girgensons.
1:09 of 3rd period - Shot Misses the Net.
1:09 of 3rd period - Puck is out of play.
1:10 of 3rd period - Chandler Stephenson wins face-off versus Brandon Pirri in Royaux zone.
1:13 of 3rd period - Snap shot by Tomas Jurco.
1:13 of 3rd period - Shot Misses the Net.
1:15 of 3rd period - Slapshot by Dylan Blujus.
1:15 of 3rd period - Deflect By Anton Slepyshev.
1:15 of 3rd period - Stopped by Igor Shesterkin without a rebound.
1:16 of 3rd period - Chandler Stephenson wins face-off versus Danny Kristo in Royaux zone.
1:25 of 3rd period - Brandon Pirri is hit by Tomas Jurco and loses puck.
3:33 of 3rd period - Snap shot by Warren Foegele.
3:33 of 3rd period - Stopped by Igor Shesterkin without a rebound.
3:34 of 3rd period - Dylan Larkin wins face-off versus Chandler Stephenson in Royaux zone.
3:39 of 3rd period - Slapshot by Chandler Stephenson.
3:39 of 3rd period - Shot Blocked by Haydn Fleury.
3:59 of 3rd period - Nick Foligno is hit by Simon Despres and loses puck.
4:56 of 3rd period - Minor Penalty to Brandon Pirri for Interference.
4:57 of 3rd period - Zemgus Girgensons wins face-off versus Brendan Woods in Royaux zone.
5:00 of 3rd period - Snap shot by Nick Foligno.
5:00 of 3rd period - Shot Misses the Net.
5:04 of 3rd period - Snap shot by Matt Frattin.
5:04 of 3rd period - Stopped by Igor Shesterkin with a rebound.
5:06 of 3rd period - Slapshot by Scott Harrington.
5:06 of 3rd period - Shot Blocked by Phil Oreskovic.
5:08 of 3rd period - Snap shot by Nick Foligno.
5:08 of 3rd period - Shot Misses the Net.
5:10 of 3rd period - Slapshot by Keegan Lowe.
5:10 of 3rd period - Goal by Keegan Lowe - Senators : 2 - Royaux : 1.
5:11 of 3rd period - Zemgus Girgensons wins face-off versus Dylan Larkin in neutral zone.
5:45 of 3rd period - Snap shot by Jake Evans.
5:45 of 3rd period - Shot Misses the Net.
5:47 of 3rd period - Snap shot by Patrick Maroon.
5:47 of 3rd period - Stopped by Igor Shesterkin with a rebound.
5:49 of 3rd period - Slapshot by Dylan Blujus.
5:49 of 3rd period - Shot Blocked by Simon Despres.
5:51 of 3rd period - Wrist shot by Michal Repik.
5:51 of 3rd period - Shot Misses the Net.
5:53 of 3rd period - Snap shot by Jack Dougherty.
5:53 of 3rd period - Stopped by Igor Shesterkin with a rebound.
6:03 of 3rd period - Tye McGinn is hit by Jack Dougherty and loses puck.
6:41 of 3rd period - Snap shot by Sonny Milano.
6:41 of 3rd period - Shot Blocked by Scott Harrington.
7:32 of 3rd period - Backhand shot by Grant Besse.
7:32 of 3rd period - Shot Misses the Net.
7:34 of 3rd period - Slapshot by Warren Foegele.
7:34 of 3rd period - Deflect By Blake Coleman.
7:34 of 3rd period - Stopped by Igor Shesterkin without a rebound.
7:35 of 3rd period - Tobias Rieder wins face-off versus Blake Coleman in Royaux zone.
8:08 of 3rd period - Slapshot by Danny Kristo.
8:08 of 3rd period - Goal by Danny Kristo - Senators : 2 - Royaux : 2.
8:09 of 3rd period - Dylan Larkin wins face-off versus Zemgus Girgensons in neutral zone.
8:14 of 3rd period - Zemgus Girgensons is hit by Dylan Larkin and loses puck.
8:54 of 3rd period - Snap shot by Danny Kristo.
8:54 of 3rd period - Goal by Danny Kristo - Senators : 2 - Royaux : 3.
8:55 of 3rd period - Zemgus Girgensons wins face-off versus Dylan Larkin in neutral zone.
9:00 of 3rd period - Slapshot by Dylan Blujus.
9:00 of 3rd period - Shot Misses the Net.
9:02 of 3rd period - Wrist shot by Zemgus Girgensons.
9:02 of 3rd period - Deflect By Nick Foligno.
9:02 of 3rd period - Goal by Nick Foligno - Senators : 3 - Royaux : 3.
9:03 of 3rd period - Zemgus Girgensons wins face-off versus Dylan Larkin in neutral zone.
9:06 of 3rd period - Snap shot by Nick Foligno.
9:06 of 3rd period - Shot Misses the Net.
9:18 of 3rd period - Snap shot by Dylan Larkin.
9:18 of 3rd period - Shot Blocked by Matt Frattin.
9:32 of 3rd period - Off-side.
9:33 of 3rd period - Chandler Stephenson wins face-off versus Nathan Gerbe in neutral zone.
9:48 of 3rd period - Wrist shot by Tye McGinn.
9:48 of 3rd period - Shot Misses the Net.
10:06 of 3rd period - Snap shot by Dylan Larkin.
10:06 of 3rd period - Goal by Dylan Larkin - Senators : 3 - Royaux : 4.
10:07 of 3rd period - Zemgus Girgensons wins face-off versus Dylan Larkin in neutral zone.
11:05 of 3rd period - Slapshot by Gord Baldwin.
11:05 of 3rd period - Shot Misses the Net.
11:07 of 3rd period - Snap shot by Tye McGinn.
11:07 of 3rd period - Shot Blocked by Jack Dougherty.
11:15 of 3rd period - Wrist shot by Nathan Gerbe.
11:15 of 3rd period - Deflect By Tye McGinn.
11:15 of 3rd period - Shot Misses the Net.
11:15 of 3rd period - Puck is out of play.
11:16 of 3rd period - Danny Kristo wins face-off versus Zemgus Girgensons in Senators zone.
11:41 of 3rd period - Mirco Mueller is hit by Jake Evans.
12:00 of 3rd period - Marcus Pettersson is hit by Michal Repik and loses puck.
13:02 of 3rd period - Slapshot by Marko Dano.
13:02 of 3rd period - Stopped by Justin Peters with a rebound.
13:04 of 3rd period - Slapshot by Ben Hanowski.
13:04 of 3rd period - Royaux goal is going for a video replay.
13:04 of 3rd period - The goal is refused. The goalkeeper has been pushed into the net together with the puck after making a save..
13:05 of 3rd period - Dylan Larkin wins face-off versus Nick Foligno in Senators zone.
13:14 of 3rd period - Wrist shot by Ben Hanowski.
13:14 of 3rd period - Shot Misses the Net.
13:29 of 3rd period - Icing by Simon Despres.
13:30 of 3rd period - Dylan Larkin wins face-off versus Chandler Stephenson in Royaux zone.
13:30 of 3rd period - Dylan Larkin is hit by Tomas Jurco.
13:36 of 3rd period - Slapshot by Simon Despres.
13:36 of 3rd period - Deflect By Ben Hanowski.
13:36 of 3rd period - Shot Misses the Net.
13:36 of 3rd period - Puck is out of play.
13:37 of 3rd period - Chandler Stephenson wins face-off versus Nathan Gerbe in Senators zone.
13:44 of 3rd period - Wrist shot by Andy Andreoff.
13:44 of 3rd period - Shot Hit the Post.
13:55 of 3rd period - Andy Andreoff is hit by Tye McGinn.
14:03 of 3rd period - Wrist shot by Tomas Jurco.
14:03 of 3rd period - Goal by Tomas Jurco - Senators : 4 - Royaux : 4.
14:04 of 3rd period - Dylan Larkin wins face-off versus Nick Foligno in neutral zone.
14:54 of 3rd period - Slapshot by Scott Harrington.
14:54 of 3rd period - Stopped by Igor Shesterkin with a rebound.
15:18 of 3rd period - Slapshot by Dylan Larkin.
15:18 of 3rd period - Stopped by Justin Peters with a rebound.
15:34 of 3rd period - Haydn Fleury is hit by Grant Besse and loses puck.
15:41 of 3rd period - Slapshot by Marcus Pettersson.
15:41 of 3rd period - Stopped by Justin Peters with a rebound.
15:55 of 3rd period - Snap shot by Nathan Gerbe.
15:55 of 3rd period - Shot Misses the Net.
15:57 of 3rd period - Slapshot by Marcus Pettersson.
15:57 of 3rd period - Stopped by Justin Peters with a rebound.
15:59 of 3rd period - Snap shot by Tobias Rieder.
15:59 of 3rd period - Stopped by Justin Peters without a rebound.
16:00 of 3rd period - Michal Repik wins face-off versus Nathan Gerbe in Senators zone.
16:00 of 3rd period - Michal Repik is hit by Haydn Fleury.
16:07 of 3rd period - Minor Penalty to Tye McGinn for Holding Stick.
16:08 of 3rd period - Brendan Woods wins face-off versus Zemgus Girgensons in Royaux zone.
16:56 of 3rd period - Icing by Keegan Lowe.
16:57 of 3rd period - Brendan Woods wins face-off versus Chandler Stephenson in Senators zone.
18:07 of 3rd period - Penalty to Tye McGinn is over, Tye McGinn is back on ice.
18:07 of 3rd period - Icing by Scott Harrington.
18:08 of 3rd period - Dylan Larkin wins face-off versus Chandler Stephenson in Senators zone.
18:20 of 3rd period - Slapshot by Dylan Larkin.
18:20 of 3rd period - Deflect By Marko Dano.
18:20 of 3rd period - Shot Blocked by Keegan Lowe.
18:20 of 3rd period - Puck is out of play.
18:21 of 3rd period - Dylan Larkin wins face-off versus Jake Evans in Senators zone.
18:28 of 3rd period - Slapshot by Dylan Larkin.
18:28 of 3rd period - Deflect By Marko Dano.
18:28 of 3rd period - Stopped by Justin Peters with a rebound.
18:30 of 3rd period - Slapshot by Haydn Fleury.
18:30 of 3rd period - Deflect By Jake Evans.
18:30 of 3rd period - Stopped by Justin Peters with a rebound.
18:32 of 3rd period - Slapshot by Haydn Fleury.
18:32 of 3rd period - Shot Blocked by Patrick Maroon.
18:46 of 3rd period - Haydn Fleury is hit by Zemgus Girgensons and loses puck.
18:53 of 3rd period - Snap shot by Matt Frattin.
18:53 of 3rd period - Stopped by Igor Shesterkin without a rebound.
18:54 of 3rd period - Zemgus Girgensons wins face-off versus Dylan Larkin in Royaux zone.
19:07 of 3rd period - Wrist shot by Dylan Larkin.
19:07 of 3rd period - Shot Blocked by Mason Geertsen.
19:09 of 3rd period - Backhand shot by Ben Hanowski.
19:09 of 3rd period - Stopped by Justin Peters with a rebound.
19:25 of 3rd period - Ian McCoshen is hit by Jake Evans.
19:26 of 3rd period - Icing by Ian McCoshen.
19:27 of 3rd period - Dylan Larkin wins face-off versus Jake Evans in Royaux zone.
Goals for this period are 3 for Senators vs 3 for Royaux.
Shots for this period are 11 for Senators vs 12 for Royaux.
Overtime #1
0:01 of 1st overtime period - Nathan Gerbe wins face-off versus Nick Foligno in neutral zone.
0:06 of 1st overtime period - Slapshot by Simon Despres.
0:06 of 1st overtime period - Deflect By Keegan Lowe.
0:06 of 1st overtime period - Stopped by Justin Peters with a rebound.
0:28 of 1st overtime period - Simon Despres is hit by Matt Frattin and loses puck.
0:49 of 1st overtime period - Snap shot by Patrick Maroon.
0:49 of 1st overtime period - Shot Misses the Net.
0:51 of 1st overtime period - Snap shot by Patrick Maroon.
0:51 of 1st overtime period - Shot Misses the Net.
0:53 of 1st overtime period - Slapshot by Dylan Blujus.
0:53 of 1st overtime period - Shot Blocked by Marcus Pettersson.
0:55 of 1st overtime period - Slapshot by Jack Dougherty.
0:55 of 1st overtime period - Stopped by Igor Shesterkin with a rebound.
2:04 of 1st overtime period - Scott Harrington is hit by Brendan Woods and loses puck.
3:44 of 1st overtime period - Backhand shot by Brett Bulmer.
3:44 of 1st overtime period - Shot Blocked by Dylan Larkin.
Goals for this period are 0 for Senators vs 0 for Royaux.
Shots for this period are 1 for Senators vs 1 for Royaux.
ShootOut
5:00 of 1st overtime period - Round #1.
5:00 of 1st overtime period - Senators, Nick Foligno.
5:00 of 1st overtime period - Snap shot by Nick Foligno.
5:00 of 1st overtime period - Stopped by Igor Shesterkin.
5:00 of 1st overtime period - Royaux, Dylan Larkin.
5:00 of 1st overtime period - Snap shot by Dylan Larkin.
5:00 of 1st overtime period - Shot Misses the Net.
5:00 of 1st overtime period - Round #2.
5:00 of 1st overtime period - Senators, Matt Frattin.
5:00 of 1st overtime period - Deke by Matt Frattin.
5:00 of 1st overtime period - Stopped by Igor Shesterkin.
5:00 of 1st overtime period - Royaux, Nathan Gerbe.
5:00 of 1st overtime period - Snap shot by Nathan Gerbe.
5:00 of 1st overtime period - Stopped by Justin Peters.
5:00 of 1st overtime period - Round #3.
5:00 of 1st overtime period - Senators, Andy Andreoff.
5:00 of 1st overtime period - Wrist shot by Andy Andreoff.
5:00 of 1st overtime period - Stopped by Igor Shesterkin.
5:00 of 1st overtime period - Royaux, Tye McGinn.
5:00 of 1st overtime period - Wrist shot by Tye McGinn.
5:00 of 1st overtime period - Goal by Tye McGinn.
Back to the Top